 Dungeon Crawl Stone Soup version 0.30-a0-170-g85af917532 (webtiles) character file.

Game seed: 10452322888154401200

455939 Flugkiller the Warrior (level 22, -10/182 HPs)
             Began as a Mummy Ice Elementalist on Sept 30, 2022.
             Was a High Priest of Okawaru.
             Mangled by a hell beast (23 damage)
             ... led by Foeryleal
             ... on level 4 of the Realm of Zot.
             The game lasted 01:32:07 (53275 turns).

Flugkiller the Warrior (Mummy Ice Elementalist)    Turns: 53275, Time: 01:32:07

Health: -10/182    AC: 38    Str: 12 (15) XL:     22   Next: 98%
Magic:  13/31      EV:  6    Int: 21 (23) God:    Okawaru [*****.]
Gold:   6620       SH:  0    Dex: 14 (22) Spells: 24/31 levels left

rFire   + + .      SeeInvis .    a - +8 mithril axe "Arga" {speed, Will+}
rCold   + . .      Faith    +    H - +2 kite shield {rC+}
rNeg    + + +      Spirit   .    I - +9 plate armour of Jenk {rF+ rN+}
rPois   ∞          Reflect  .    B - +2 hat "Peligez" {Str+4 Dex+5}
rElec   +          Harm     .    v - +2 cloak {rCorr}
rCorr   +          Rampage  .    h - +2 pair of gloves
Will    +++++                    U - +2 pair of boots of Curiosity {Will+++}
Stlth   ..........               T - amulet of Plog {rElec rF+ Regen+}
HPRegen 1.20/turn                g - ring "Moshoott" {rPois rN+ rCorr Int-3 Slay+5}
MPRegen 0.22/turn                y - ring of Soer {Fire Will- Str-4 Int+9 Slay+6}

@: confused, contaminated, glowing
A: cold resistance 1, negative energy resistance 3, torment resistance 2, heat
vulnerability 1, in touch with death 2, no potions, faith
0: Orb of Zot
}: 3/15 runes: decaying, serpentine, slimy
a: Renounce Religion, Heroism, Finesse, Duel


You were on level 4 of the Realm of Zot.
You worshipped Okawaru.
Okawaru was extremely pleased with you.
You visited 9 branches of the dungeon, and saw 48 of its levels.
You also visited: Ice Cave and Desolation.

You collected 8439 gold pieces.
You spent 1819 gold pieces at shops.

Inventory:

Hand Weapons
 a - the +8 mithril axe "Arga" (weapon) {speed, Will+}
   (You found it in an ice cave)

   Attacks with this weapon are significantly faster.
   Will:      It increases your willpower.
 b - the +5 broad axe "Zopi" {vamp, rC+ Dex+2 Stlth+}
   (Okawaru gifted it to you on level 4 of the Vaults)

   It occasionally heals its wielder for a portion of the damage dealt when it
   wounds a living foe.
   Dex:       It affects your dexterity (+2).
   rC:        It protects you from cold.
   Stlth:     It makes you more stealthy.
Missiles
 j - 13 javelins
 C - 2 throwing nets
 J - 21 boomerangs (quivered)
 K - 13 curare-tipped darts
Armour
 h - a +2 pair of gloves (worn)
   (You found it on level 4 of the Dungeon)
 v - a +2 cloak of preservation (worn)
   (You bought it in a shop on level 4 of the Depths)
 B - the +2 hat "Peligez" (worn) {Str+4 Dex+5}
   (Okawaru gifted it to you on level 15 of the Dungeon)

   Str:       It affects your strength (+4).
   Dex:       It affects your dexterity (+5).
 F - a +2 cloak of cold resistance
   (You found it in an ice cave)
 H - a +2 kite shield of cold resistance (worn)
   (You found it in an ice cave)
 I - the +9 plate armour of Jenk (worn) {rF+ rN+}
   (Okawaru gifted it to you on level 2 of the Snake Pit)

   rF:        It protects you from fire.
   rN:        It protects you from negative energy.
 N - a scarf of resistance
   (Okawaru gifted it to you on level 5 of the Lair of Beasts)
 R - a +1 tower shield of protection
   (You found it on level 5 of the Pits of Slime)
 U - the +2 pair of boots of Curiosity (worn) {Will+++}
   (Okawaru gifted it to you on level 3 of the Snake Pit)

   Will:      It greatly increases your willpower.
Jewellery
 c - a ring of protection from cold
   (You bought it in a shop on level 2 of the Orcish Mines)
 f - a ring of protection from fire
   (You found it on level 1 of the Depths)
 g - the ring "Moshoott" (left hand) {rPois rN+ rCorr Int-3 Slay+5}
   (You found it on level 4 of the Vaults)

   [ring of positive energy]

   Int:       It affects your intelligence (-3).
   Slay:      It affects your accuracy & damage with ranged weapons and melee
   (+5).
   rPois:     It protects you from poison.
   rN:        It protects you from negative energy.
   rCorr:     It protects you from acid and corrosion.
 l - the ring "Gafitaafa" {rF+ Slay+2}
   (You found it in the Desolation of Salt)

   [ring of protection from fire]

   Slay:      It affects your accuracy & damage with ranged weapons and melee
   (+2).
   rF:        It protects you from fire.
 p - a +4 ring of protection
   (You found it on level 4 of the Lair of Beasts)
 w - the ring of Sohau {Str+6 Int+6}
   (You bought it in a shop on level 3 of the Dungeon)

   [ring of intelligence]

   Str:       It affects your strength (+6).
   Int:       It affects your intelligence (+6).
 y - the ring of Soer (right hand) {Fire Will- Str-4 Int+9 Slay+6}
   (You found it in the Desolation of Salt)

   [ring of fire]

   It enhances your fire magic.
   Str:       It affects your strength (-4).
   Int:       It affects your intelligence (+9).
   Slay:      It affects your accuracy & damage with ranged weapons and melee
   (+6).
   rF:        It protects you from fire.
   rC:        It makes you vulnerable to cold.
   Will:      It decreases your willpower.
 S - the ring of Qywunoni {Fly SInv}
   (You found it on level 4 of the Swamp)

   [ring of flight]

   SInv:      It lets you see invisible.
   Fly:       It grants you flight.
 T - the amulet of Plog (around neck) {rElec rF+ Regen+}
   (You bought it in a shop on level 1 of the Snake Pit)

   [amulet of regeneration]

   rF:        It protects you from fire.
   rElec:     It insulates you from electricity.
   Regen:     It increases your rate of health regeneration.
Wands
 o - a wand of roots (43)
   (You found it on level 4 of the Dungeon)
 s - a wand of digging (6)
   (You found it on level 5 of the Dungeon)
 x - a wand of quicksilver (15)
   (You found it on level 15 of the Dungeon)
 Q - a wand of mindburst (16)
   (You found it on level 2 of the Swamp)
Scrolls
 e - 12 scrolls of fog
 i - 9 scrolls of amnesia
 k - 9 scrolls of poison
 m - 2 scrolls of torment
 n - 2 scrolls of fear
 q - 3 scrolls of magic mapping
 t - 14 scrolls of teleportation
 E - 5 scrolls of silence
 G - 5 scrolls of immolation
 M - 3 scrolls of vulnerability
 P - 4 scrolls of enchant armour
Miscellaneous
 r - a lightning rod (4/4)
   (You found it in the Desolation of Salt)
 u - a phial of floods
   (You found it on level 1 of the Lair of Beasts)
 A - a tin of tremorstones (2/2)
   (You found it on level 9 of the Dungeon)
 O - a condenser vane
   (You found it on level 5 of the Pits of Slime)


   Skills:
 + Level 17.3 Fighting
 - Level 17.0(18.0) Axes
 - Level 10.0(14.6) Maces & Flails
 - Level 12.0 Throwing
 - Level 14.0 Armour
 - Level 11.0 Dodging
 - Level 1.5 Stealth
 - Level 15.0 Shields
 - Level 5.3 Spellcasting
 - Level 6.0 Ice Magic
 - Level 12.0 Invocations
 - Level 5.0 Evocations


You had 24 spell levels left.
You knew the following spells:

 Your Spells              Type           Power      Damage    Failure   Level
a - Freeze                Ice            100%       1d11      58%         1
b - Frozen Ramparts       Ice            60%        1d10      91%         3
c - Ozocubu's Armour      Ice            30%        N/A       91%         3

Your spell library contained the following spells:

 Spells                   Type           Power      Damage    Failure   Level
 Ensorcelled Hibernation  Hex/Ice        36%        N/A       98%         2
 Apportation              Tloc           10%        N/A       100%        1
 Foxfire                  Conj/Fire      32%        2x1d5     100%        1
 Necrotise                Necr           48%        1d6       100%        1
 Sandblast                Erth           10%        2d5       100%        1
 Passwall                 Tmut/Erth      4%         N/A       100%        2
 Scorch                   Fire           16%        2d6       100%        2
 Static Discharge         Conj/Air       10%        2-3/arc   100%        2
 Dazzling Flash           Conj/Hex       10%        N/A       100%        3
 Hailstorm                Conj/Ice       18%        3d6       100%        3
 Ignite Poison            Fire/Tmut/Pois 8%         N/A       100%        3
 Inner Flame              Hex/Fire       8%         N/A       100%        3
 Kindle Blastsparks       Fire/Tloc/Air  16%        2d11      100%        3
 Portal Projectile        Hex/Tloc       10%        N/A       100%        3
 Stone Arrow              Conj/Erth      10%        3d7       100%        3
 Swiftness                Air            5%         N/A       100%        3
 Vampiric Draining        Necr           12%        2d6       100%        3
 Cause Fear               Hex            2%         N/A       100%        4
 Flame Wave               Conj/Fire      8%         2d5       100%        4
 Fulminant Prism          Conj/Hex       2%         3d6       100%        4
 Iskenderun's Mystic Bla  Conj/Tloc      5%         2d3       100%        4
 Olgreb's Toxic Radiance  Pois           5%         N/A       100%        4
 Petrify                  Tmut/Erth      5%         N/A       100%        4
 Sticky Flame             Conj/Fire      8%         2d3       100%        4
 Agony                    Necr           12%        N/A       100%        5
 Alistair's Intoxication  Tmut/Pois      3%         N/A       100%        5
 Arcjolt                  Conj/Air       2%         1d12      100%        5
 Borgnjor's Vile Clutch   Necr/Erth      6%         N/A       100%        5
 Fireball                 Conj/Fire      4%         3d4       100%        5
 Freezing Cloud           Conj/Ice/Air   7%         6-21      100%        5
 Iskenderun's Battlesphe  Conj           5%         2d6       100%        5
 Lee's Rapid Deconstruct  Erth           2%         3d6*      100%        5
 Lightning Bolt           Conj/Air       2%         1d14      100%        5
 Metabolic Englaciation   Hex/Ice        9%         N/A       100%        5
 Conjure Ball Lightning   Conj/Air       2%         3x3d6     100%        6
 Eringya's Noxious Bog    Tmut/Pois      2%         N/A       100%        6
 Iron Shot                Conj/Erth      2%         9d2       100%        6
 Starburst                Conj/Fire      4%         6d3       100%        6
 Orb of Destruction       Conj           2%         9d5       100%        7
 Ozocubu's Refrigeration  Ice            15%        4d10      100%        7
 Ignition                 Fire           4%         3d4       100%        8
 Maxwell's Capacitive Co  Air            2%         ∞         100%        8
 Chain Lightning          Conj/Air       2%         3d3       100%        9
 Fire Storm               Conj/Fire      4%         8d1       100%        9
 Polar Vortex             Ice            15%        N/A       100%        9
 Shatter                  Erth           2%         3d6*      100%        9
 Call Imp                 Summ           Unusable   N/A       N/A         2
 Call Canine Familiar     Summ           Unusable   N/A       N/A         3
 Tukima's Dance           Hex            Unusable   N/A       N/A         3
 Animate Armour           Summ/Erth      Unusable   N/A       N/A         4
 Animate Dead             Necr           Unusable   N/A       N/A         4
 Ice Form                 Ice/Tmut       Unusable   N/A       N/A         4
 Summon Ice Beast         Ice/Summ       Unusable   N/A       N/A         4
 Blade Hands              Tmut           Unusable   N/A       N/A         5
 Summon Forest            Summ/Tloc      Unusable   N/A       N/A         5
 Death Channel            Necr           Unusable   N/A       N/A         6
 Simulacrum               Ice/Necr       Unusable   N/A       N/A         6
 Summon Cactus Giant      Summ           Unusable   N/A       N/A         6
 Dragon Form              Tmut           Unusable   N/A       N/A         7
 Summon Hydra             Summ           Unusable   N/A       N/A         7
 Borgnjor's Revivificati  Necr           Unusable   N/A       N/A         8
 Dragon's Call            Summ           Unusable   N/A       N/A         9

Dungeon Overview and Level Annotations

Branches:
Dungeon (15/15)            Temple (0/1) D:4            Lair (5/5) D:9
  Swamp (4/4) Lair:3        Snake (4/4) Lair:2        Slime (5/5) Lair:5
    Orc (2/2) D:11            Elf (0/3) Orc:2        Vaults (4/5) D:13
  Crypt (0/3) Vaults:3     Depths (4/4) D:15            Zot (5/5) Depths:4
  IceCv (visited)         Desolation (visited)

Altars:
Ashenzari
Dithmenos
Fedhas
Gozag
Hepliaklqana
Makhleb
Okawaru
Ru
Sif Muna
Trog
Xom
Jiyva

Shops:
D:3 *   D:7 *   D:11 [   Orc:2 !(**   Snake:1 =   Vaults:2 ([   Depths:3 !(
Depths:4 [=:=

Portals:
Hell: Depths:1 Depths:2 Depths:3 Depths:4
Abyss: Depths:2 Depths:3 Depths:4
Pandemonium: Depths:2
Ziggurat: Depths:1

Annotations:
D:4 1 runed translucent door, Crazy Yiuf
D:8 2 transporters
D:9 3 runed translucent doors
D:11 1 runed translucent door
D:13 Rupert
Swamp:1 Roxanne
Swamp:2 3 runed translucent doors, QuickerDeath's ghost, adept DgCj
Orc:1 exclusion: oklob plant
Orc:2 3 runed translucent doors, kaesh's ghost, journeyman HOBe
Zot:5 1 exclusion


Innate Abilities, Weirdness & Mutations

You are immune to poison.
Your flesh is cold resistant. (rC+)
You are immune to negative energy. (rN+++)
You are immune to unholy pain and torment.
You are vulnerable to heat. (rF-)
You are strongly in touch with the powers of death.
You do not drink.
You have a special connection with the divine. (Faith)


Message History

You resist with almost no effort.
Unknown command.
Unknown command.
Unknown command.
Unknown command.
Unknown command.
The lich gestures wildly while chanting.
The lich flickers and vanishes!
Deactivating autopickup; reactivate with Ctrl-A.
Unknown command.
Foeryleal gestures.
Unknown command.
A moth of wrath comes into view.
The moth of wrath's fur bristles in rage as it notices you.
Unknown command.
You feel your willpower return.
The golden eye blinks!
Foeryleal gestures.
Unknown command.
The golden eye turns its gaze towards you.
The floating eye disappears in a puff of smoke!
The golden eye disappears in a puff of smoke!
The golden eye blinks at you. You resist with almost no effort.
Unknown command.
Unknown command.
You bump into the rock wall.
The golden eye blinks at you. You resist with almost no effort.
The golden eye blinks at you. You resist with almost no effort.
The moth of wrath bites you but does no damage.
Unknown command.
The floating eye turns its gaze towards you.
The golden eye blinks at you. You resist with almost no effort.
The moth of wrath bites you but does no damage.
The hell beast bites you but does no damage.
The hell beast closely misses you. The golden eye blinks at you.
You resist with almost no effort. The moth of wrath bites you.
* * * LOW HITPOINT WARNING * * *
The floating eye's view fixates on you.
The hell beast bites you but does no damage.
The hell beast tramples you.
* * * LOW HITPOINT WARNING * * *
You hold your ground!
Foeryleal gestures at you.
The golden eye blinks!
The shining eye blinks!
The floating eye blinks!
The golden eye blinks!
Unknown command.
Unknown command.
You are too confused!
Unknown command.
You're too confused to move!
Something touches you but does no damage.
The golden eye blinks!
The hell beast bites you!
* * * LOW HITPOINT WARNING * * *
The hell beast tramples you but does no damage.
The moth of wrath bites you but does no damage.
The floating eye gazes piercingly through you!
You suddenly lose the ability to move!
Something touches you but does no damage.
The hell beast bites you but does no damage.
The hell beast tramples you but does no damage.
The moth of wrath bites you.
* * * LOW HITPOINT WARNING * * *
Something touches you but does no damage.
The hell beast bites you but does no damage.
The hell beast barely misses you.
The floating eye's stare focuses on you.
The golden eye blinks!
The golden eye blinks at you. You resist with almost no effort.
Something touches you but does no damage.
The moth of wrath goads the hell beast on!
The hell beast goes berserk!
The hell beast bites you but does no damage.
The hell beast tramples you!
* * * LOW HITPOINT WARNING * * *
You hold your ground!
The shining eye gazes at you.
Strange energies course through your body.
Your body decomposes!
You feel clumsy.
You hear some strange, mumbled words.
A bolt of cold appears from out of thin air!
The bolt of cold hits you. You resist.
* * * LOW HITPOINT WARNING * * *
The floating eye's stare focuses on you.
You can move again.
Unknown command.
You slice the floating eye!!
You kill the floating eye!
The floating eye disappears in a puff of smoke!
You hit the hell beast but do no damage.
You miss the moth of wrath. You barely miss something. You hit the shining eye.
You slash the floating eye! The hell beast barely misses you.
The hell beast tramples you!!
You die...

*,,,,,,,* *,* *,*
*, *,,,,,,,*
##+###+## *,
********* #.......#
*, #.......# *,
#.......# *,
#.......# *,
#.......# **,
#yG§G...# *,,
#{@.....# *,*
#G.2&...# *,*
#..G....# *,*
#.......#########,*
####+#'##......)#,*
*,#..........#,*
*,#..........#,*
*,#..........#,,
****,#..........+,,


You could see Foeryleal, a hell beast (berserk), a shining eye (summoned), a
moth of wrath, a floating eye (summoned, charged) and 2 golden eyes.

Vanquished Creatures
  the Royal Jelly (Slime:5)
  Mara (Depths:2)
  Sojobo (Depths:3)
  A Killer Klown (Zot:4)
  Saint Roka (Snake:3)
  Frederick (Vaults:2)
  A caustic shrike (Depths:2)
  Jory (Depths:3)
  A golden dragon (Depths:4)
  the Enchantress (Depths:2)
  3 tentacled monstrosities
  A lich (Depths:3)
  Zenata (Vaults:1)
  Asterion (Vaults:2)
  A titan (Arena)
  4 quicksilver dragons
  A death cob (Zot:4)
  A thorn hunter (Swamp:4)
  15 acid blobs
  Kirke (D:13)
  4 sphinxes
  8 storm dragons
  6 tengu reavers
  Donald (Orc:2)
  A fenstrider witch (shapeshifter) (D:15)
  9 frost giants
  5 nagarajas (Snake:4)
  7 rockslimes
  2 shadow dragons
  3 draconian monks
  10 azure jellies
  5 fenstrider witches
  3 iron dragons
  3 fire giants
  4 draconian scorchers
  4 draconian knights
  2 ghost moths
  7 vault wardens
  3 imperial myrmidons (Desolation)
  A cacodemon (Zot:5)
  Louise (Snake:4)
  Aizul (Vaults:2)
  An orc warlord (Vaults:1)
  A draconian stormcaller (Zot:2)
  2 draconian shifters
  3 draconian annihilators
  6 spriggan defenders
  10 quicksilver oozes
  23 very ugly things
  16 ironbound preservers
  An ironbound thunderhulk (Vaults:4)
  5 stone giants
  3 eleionomae
  5 green draconians (Zot:2)
  4 black draconians
  3 vampire knights
  7 dire elephants
  2 white draconians
  3 bunyips
  4 red draconians
  6 purple draconians
  4 spark wasps
  8 yellow draconians
  2 crystal guardians (Desolation)
  6 fire dragons
  A spriggan zombie (Depths:1)
  6 ettins
  7 yaktaur captains
  4 great orbs of eyes
  15 ragged hierophants (Desolation)
  An entropy weaver (Vaults:4)
  A shambling mangrove (Swamp:4)
  Harold (Orc:1)
  10 vault guards
  Erolcha (D:13)
  9 peacekeepers
  5 salamander tyrants
  12 servants of whispers (Desolation)
  7 ice dragons
  3 ogre magi
  4 rakshasas
  8 spriggan air magi
  21 hydras
  2 ironbound frosthearts
  16 anacondas
  2 ghost crabs (Swamp:3)
  A catoblepas (D:15)
  10 two-headed ogres
  5 centaur warriors
  3 boulder beetles
  6 alligators
  4 deep troll shamans
  5 tengu warriors
  3 vampire magi
  14 death yaks
  7 deep troll earth magi
  4 spriggan berserkers
  2 shock serpents (Snake:2)
  17 naga warriors
  5 naga sharpshooters
  8 iron trolls
  14 spriggans
  Amaemon (D:8)
  7 goliath frogs
  6 salamander mystics
  A golden dragon zombie (Depths:2)
  2 flayed ghosts
  6 sea snakes
  2 skeletal warriors
  A sea snake (shapeshifter) (D:15)
  5 glowing orange brains
  7 spriggan druids
  2 bog bodies
  11 swamp dragons
  55 deep trolls
  4 wizards
  5 naga ritualists (Snake:4)
  2 harpies (Depths:4)
  2 deep elf pyromancers
  28 ugly things
  5 orc knights
  7 necromancers
  4 mana vipers
  2 frost giant zombies (Depths:2)
  12 lindwurms
  12 ironbound convokers
  17 salamanders
  4 large abominations (Depths:4)
  A wolf spider (D:14)
  5 will-o-the-wisps
  7 cyclopes
  5 manticores
  A stone giant skeleton (Depths:1)
  5 shining eyes
  A shadow dragon skeleton (Depths:2)
  3 elephants (Lair:4)
  An ice statue (IceCv)
  7 moths of wrath
  10 vault sentinels
  2 molten gargoyles (Desolation)
  37 black mambas
  4 centaur skeletons (D:13)
  12 guardian serpents
  2 eyes of devastation (Slime:5)
  7 naga magi
  3 fire giant skeletons
  A torpor snail (Lair:3)
  An orange demon (D:7)
  27 cane toads
  4 kobold demonologists
  4 unseen horrors
  3 rime drakes
  A yaktaur skeleton (Vaults:2)
  28 yaktaurs
  10 komodo dragons
  2 human skeletons (Vaults:2)
  4 tengu conjurers
  9 trolls
  A meliai (D:9)
  14 hornets
  10 polar bears
  8 tyrant leeches
  70 saltlings (Desolation)
  19 blink frogs
  59 slime creatures
  An ettin zombie (Vaults:2)
  Sigmund (D:5)
  10 dream sheep
  A spriggan skeleton (Depths:1)
  2 wraiths
  2 ettin skeletons
  3 water elementals (Depths:3)
  A culicivora (D:15)
  3 shadows
  55 yaks
  7 wyverns
  A human (Swamp:4)
  5 golden eyes (Slime:5)
  9 basilisks
  6 hogs (D:13)
  2 chaos spawn (Depths:4)
  3 redbacks (D:15)
  15 vampire mosquitoes
  2 glowing shapeshifter zombies
  37 nagas
  18 swamp worms
  3 wargs
  13 water moccasins
  8 small abominations (Depths:4)
  A glowing shapeshifter skeleton (Depths:2)
  2 floating eyes (Depths:2)
  23 orc warriors
  A black bear (D:5)
  An ice beast (D:8)
  8 swamp drakes
  22 ogres
  4 sky beasts
  31 wolves
  An ettin simulacrum (Depths:2)
  3 boggarts (Vaults:4)
  2 phantoms (D:6)
  19 centaurs
  16 kobold brigands
  A necrophage (D:6)
  Blork the orc (D:4)
  17 bullfrogs
  2 scorpions
  A two-headed ogre simulacrum (D:12)
  A wight (D:9)
  3 killer bees (D:10)
  An elephant simulacrum (D:12)
  2 howler monkeys
  5 electric eels
  4 hounds
  A jelly (D:4)
  10 orc priests
  4 hell rats (Lair:5)
  Jessica (D:2)
  3 gnoll boudas
  An iguana (D:7)
  18 orc wizards
  2 troll simulacra (D:12)
  3 spriggan simulacra
  8 gnolls
  15 adders
  2 naga simulacra (D:12)
  A shadow imp (D:7)
  A white imp (D:6)
  An ufetubus (D:6)
  3 dart slugs
  70 orcs
  3 ball pythons
  3 bats
  5 endoplasms
  9 goblins
  7 hobgoblins
  3 jackals (D:5)
  42 kobolds
  2 quokkas
  2 frilled lizards
  2 rats (D:2)
  3 briar patches (Swamp:4)
1701 creatures vanquished.

Vanquished Creatures (others)
  A draconian knight (Zot:3)
  A molten gargoyle (Desolation)
  3 bloated husks
  An orc wizard (Snake:3)
  An orc (Snake:3)
  A bush (Depths:4)
  10 foxfires
  43 fungi
  161 plants
  A withered plant (Desolation)
223 creatures vanquished.

Grand Total: 1924 creatures vanquished

Notes
Turn   | Place    | Note
-------+----------+-------------------------------------------
     0 | D:1      | Flugkiller the Mummy Ice Elementalist began the quest for
                  | the Orb.
     0 | D:1      | Reached XP level 1. HP: 13/13 MP: 4/4
   495 | D:1      | Reached XP level 2. HP: 18/20 MP: 6/6
   705 | D:1      | Reached skill level 1 in Fighting
  1151 | D:2      | Gained mutation: You are in touch with the powers of death.
                  | [Mummy growth]
  1151 | D:2      | Reached XP level 3. HP: 22/26 MP: 5/8
  1582 | D:2      | Reached XP level 4. HP: 27/32 MP: 8/10
  1586 | D:2      | Noticed Jessica
  1591 | D:2      | Killed Jessica
  1695 | D:2      | Found a faded altar of an unknown god.
  1787 | D:2      | Prayed at the altar of an unknown god.
  1787 | D:2      | Became a worshipper of Warmaster Okawaru
  1787 | D:2      | Reached * piety under Okawaru
  1994 | D:3      | Reached XP level 5. HP: 13/37 MP: 5/11
  2341 | D:3      | Found Amemn's Assorted Antiques.
  2357 | D:3      | Bought a scroll labelled PAESTEDOLAT for 23 gold pieces
  2357 | D:3      | Bought a scroll labelled QISEOM QIE for 23 gold pieces
  2359 | D:3      | Identified a scroll of acquirement
  2483 | D:3      | Reached skill level 5 in Ice Magic
  2487 | D:3      | Learned a level 3 spell: Frozen Ramparts
  2963 | D:4      | Reached XP level 6. HP: 34/44 MP: 4/12
  3124 | D:4      | Reached ** piety under Okawaru
  3127 | D:4      | Found a staircase to the Ecumenical Temple.
  3447 | D:4      | Found a runed translucent door.
  3448 | D:4      | Noticed Crazy Yiuf
  3568 | D:4      | Noticed Blork the orc
  3576 | D:4      | Killed Blork the orc
  3836 | D:5      | Entered Level 5 of the Dungeon
  3930 | D:5      | Found a shadowy altar of Dithmenos.
  4143 | D:5      | Noticed Sigmund
  4157 | D:5      | Killed Sigmund
  4158 | D:5      | Reached XP level 7. HP: 7/55 MP: 2/13
  4642 | D:5      | Reached skill level 5 in Fighting
  4773 | D:6      | Reached *** piety under Okawaru
  4829 | D:6      | Reached XP level 8. HP: 35/64 MP: 12/14
  4890 | D:6      | Reached skill level 5 in Spellcasting
  5500 | D:3      | Bought a serpentine platinum ring for 115 gold pieces
  5500 | D:3      | Identified the ring of Sohau {Str+6 Int+6} (You bought it
                  | in a shop on level 3 of the Dungeon)
  5590 | D:6      | Learned a level 3 spell: Ozocubu's Armour
  5984 | D:7      | Reached skill level 1 in Maces & Flails
  6165 | D:7      | Found Aluw's Elemental Accessories.
  6483 | D:7      | Noticed a white ugly thing
  6484 | D:7      | Reached **** piety under Okawaru
  6504 | D:7      | Killed a white ugly thing
  6505 | D:7      | Reached XP level 9. HP: 22/69 MP: 13/17
  6939 | D:7      | Reached ***** piety under Okawaru
  7084 | D:7      | Noticed a cyclops
  7106 | D:7      | Killed a cyclops
  7107 | D:7      | Reached skill level 5 in Evocations
  7795 | D:8      | Reached skill level 5 in Dodging
  7891 | D:8      | Noticed Amaemon
  7919 | D:8      | Noticed an orange demon
  8162 | D:7      | Killed an orange demon
  8191 | D:8      | Killed Amaemon
  8192 | D:8      | Reached skill level 5 in Maces & Flails
  8192 | D:8      | Reached XP level 10. HP: 59/76 MP: 6/18
  8431 | D:8      | Found a transporter.
  8472 | D:8      | Identified the +3 ring mail of Buysacwo {rC+ rN+ Str+3}
                  | (Okawaru gifted it to you on level 8 of the Dungeon)
  8472 | D:8      | Received a gift from Okawaru
  8711 | D:8      | Found a shimmering blue altar of Sif Muna.
  8794 | D:8      | Found a transporter.
  8816 | D:8      | Found a burning altar of Makhleb.
  8819 | D:8      | Found a hazy altar of Hepliaklqana.
  8825 | D:8      | Found a bloodstained altar of Trog.
  8830 | D:8      | Found a shimmering altar of Xom.
  8835 | D:8      | Found an iron altar of Okawaru.
  9243 | D:9      | Reached skill level 1 in Armour
  9414 | D:9      | Found a runed translucent door.
  9414 | D:9      | Found a runed translucent door.
  9414 | D:9      | Found a runed translucent door.
  9414 | D:9      | Noticed a cyclops
  9414 | D:9      | Noticed a two-headed ogre
  9414 | D:9      | Noticed a manticore
  9414 | D:9      | Noticed a skeletal warrior
  9414 | D:9      | Noticed an orc knight
  9436 | D:9      | Found an opulent altar of Gozag.
  9461 | D:9      | Found a blossoming altar of Fedhas.
  9857 | D:9      | Found a staircase to the Lair.
  9896 | D:9      | Reached XP level 11. HP: 84/84 MP: 12/19
 10090 | D:9      | Noticed a seven-headed hydra
 10090 | D:9      | Noticed an eight-headed hydra
 10090 | D:9      | Noticed a deep elf pyromancer
 10140 | D:9      | Killed a deep elf pyromancer
 10141 | D:9      | Killed an eight-headed hydra
 10141 | D:9      | Reached ****** piety under Okawaru
 10141 | D:9      | Identified the +2 ring mail of Zenutzas {Int+2} (Okawaru
                  | gifted it to you on level 9 of the Dungeon)
 10141 | D:9      | Received a gift from Okawaru
 10399 | D:9      | Killed a seven-headed hydra
 10782 | D:9      | Got the Codex of Mercurial Creation
 10922 | D:10     | Entered Level 10 of the Dungeon
 12365 | D:11     | Found Pugosugi's Armour Emporium.
 12470 | D:11     | Found a staircase to the Orcish Mines.
 12746 | D:11     | Noticed a white ugly thing
 12747 | D:11     | Identified the +1 chain mail of Divine Compulsion {*Slow
                  | +Blink rElec Int+4} (Okawaru gifted it to you on level 11
                  | of the Dungeon)
 12747 | D:11     | Received a gift from Okawaru
 12750 | D:11     | Noticed a cyan ugly thing
 12758 | D:11     | Killed a white ugly thing
 12767 | D:11     | Killed a cyan ugly thing
 13091 | D:11     | Reached XP level 12. HP: 96/96 MP: 17/20
 13317 | D:11     | Found a runed translucent door.
 13318 | D:11     | Noticed a fire dragon
 13379 | D:11     | Identified the +7 mace "Woiffeti" {freeze, Will+ Int+3
                  | Dex+3}
 13807 | D:12     | gdi
 13926 | D:12     | Found a frozen archway.
 14022 | IceCv    | Entered an ice cave
 14191 | IceCv    | Reached skill level 10 in Fighting
 14471 | IceCv    | Noticed a death yak
 14485 | IceCv    | Killed a death yak
 14618 | IceCv    | Reached skill level 5 in Invocations
 14802 | IceCv    | Identified the +11 dagger "Beast's Nightmare" {vorpal,
                  | Will+ Int+3}
 14829 | IceCv    | Noticed a death yak
 14829 | IceCv    | Noticed a death yak
 14830 | IceCv    | Noticed a death yak
 14845 | IceCv    | Killed a death yak
 14846 | IceCv    | Reached skill level 10 in Maces & Flails
 14856 | IceCv    | Killed a death yak
 14860 | IceCv    | Killed a death yak
 14971 | IceCv    | Noticed a death yak
 14971 | IceCv    | Noticed a death yak
 14971 | IceCv    | Noticed a frost giant
 14971 | IceCv    | Noticed a death yak
 14971 | IceCv    | Found the +8 mithril axe "Arga" {speed, Will+}
 14972 | IceCv    | ARGA
 14982 | IceCv    | Killed a death yak
 14982 | IceCv    | Received a gift from Okawaru
 14990 | IceCv    | Killed a death yak
 15005 | IceCv    | Killed a frost giant
 15016 | IceCv    | Killed a death yak
 15193 | IceCv    | Identified the +6 scale mail "Aptacao" {*Slow Will+ rCorr
                  | Dex+3} (Okawaru gifted it to you in an ice cave)
 15193 | IceCv    | Received a gift from Okawaru
 15194 | IceCv    | Gained mutation: You are strongly in touch with the powers
                  | of death. [Mummy growth]
 15194 | IceCv    | Reached XP level 13. HP: 90/103 MP: 18/21
 16155 | Lair:1   | Entered Level 1 of the Lair of Beasts
 16297 | Lair:1   | Reached skill level 1 in Axes
 16928 | Lair:2   | Found a staircase to the Snake Pit.
 17546 | Lair:2   | Reached skill level 5 in Armour
 18429 | Lair:3   | Identified the +2 ring mail "Hihilo" {Rampage rPois Will+}
                  | (Okawaru gifted it to you on level 3 of the Lair of Beasts)
 18429 | Lair:3   | Received a gift from Okawaru
 19128 | Lair:3   | Found a staircase to the Swamp.
 19873 | Lair:4   | Reached XP level 14. HP: 73/113 MP: 7/22
 19889 | Lair:4   | Received a gift from Okawaru
 19890 | Lair:4   | Reached skill level 5 in Axes
 20664 | Lair:5   | Entered Level 5 of the Lair of Beasts
 20781 | Lair:5   | Received a gift from Okawaru
 22702 | Lair:5   | Found a viscous altar of Jiyva.
 22706 | Lair:5   | Found a staircase to the Slime Pits.
 22726 | Lair:5   | Identified the +5 hand axe "Zivu" {vorpal, Str+2} (Okawaru
                  | gifted it to you on level 5 of the Lair of Beasts)
 22726 | Lair:5   | Received a gift from Okawaru
 24339 | D:12     | Found a sacrificial altar of Ru.
 24674 | D:13     | Noticed Erolcha
 24681 | D:13     | Killed Erolcha
 24699 | D:13     | Noticed Kirke
 24739 | D:13     | Killed Kirke
 24836 | D:13     | Noticed Rupert
 24894 | D:13     | Received a gift from Okawaru
 25098 | D:13     | Reached XP level 15. HP: 71/124 MP: 16/23
 25118 | D:13     | Found a gate to the Vaults.
 25999 | D:15     | Entered Level 15 of the Dungeon
 26110 | Arena    | Entered the Arena
 26212 | Arena    | Entered the Arena
 26580 | D:15     | Identified the +2 hat "Peligez" {Str+4 Dex+5} (Okawaru
                  | gifted it to you on level 15 of the Dungeon)
 26580 | D:15     | Received a gift from Okawaru
 26709 | D:15     | Noticed an azure jelly
 26715 | D:15     | an azure jelly changed into a fenstrider witch
 26715 | D:15     | Noticed a fenstrider witch (glowing shapeshifter)
 26722 | D:15     | Killed a fenstrider witch
 26737 | D:15     | Found a staircase to the Depths.
 27213 | Orc:1    | Entered Level 1 of the Orcish Mines
 27690 | Orc:1    | Noticed Harold
 27701 | Orc:1    | Killed Harold
 27786 | Orc:2    | Entered Level 2 of the Orcish Mines
 27786 | Orc:2    | Noticed Donald
 27799 | Orc:2    | Killed Donald
 27800 | Orc:2    | Reached skill level 10 in Armour
 27812 | Orc:2    | Found a staircase to the Elven Halls.
 28092 | Orc:2    | Identified the +2 hat of Okawaru's Supremacy {Slay+2}
                  | (Okawaru gifted it to you on level 2 of the Orcish Mines)
 28092 | Orc:2    | Received a gift from Okawaru
 28093 | Orc:2    | Found Qeuviar's Assorted Antiques.
 28115 | Orc:2    | Found Riefiul's General Store.
 28247 | Orc:2    | Found Uptugho's Antique Weapon Shoppe.
 28249 | Orc:2    | Found Ysoy's Distillery.
 28261 | Orc:2    | Bought a scroll of blinking for 105 gold pieces
 28464 | Orc:2    | Found a runed translucent gate.
 28464 | Orc:2    | Found a runed translucent gate.
 28464 | Orc:2    | Found a runed translucent gate.
 28632 | Orc:2    | Noticed kaesh's ghost (journeyman HOBe)
 28687 | Orc:2    | Acquired 664 gold pieces
 28690 | Orc:2    | Bought a knobbly brass ring for 125 gold pieces
 28690 | Orc:2    | Bought a scroll of fog for 100 gold pieces
 28882 | D:7      | Bought the Precepts of Firn for 544 gold pieces
 29066 | Swamp:1  | Entered Level 1 of the Swamp
 29077 | Swamp:1  | Noticed a fenstrider witch
 29099 | Swamp:1  | Killed a fenstrider witch
 29100 | Swamp:1  | Reached skill level 10 in Axes
 29129 | Swamp:1  | Identified Roxanne's Papyrus of the Caves
 29129 | Swamp:1  | Noticed Roxanne
 29171 | Swamp:1  | Reached XP level 16. HP: 129/133 MP: 24/24
 29868 | Swamp:2  | Found a runed translucent gate.
 29870 | Swamp:2  | Found a runed translucent gate.
 29871 | Swamp:2  | Found a runed translucent gate.
 29873 | Swamp:2  | Noticed QuickerDeath's ghost (adept DgCj)
 29878 | Swamp:2  | Noticed a tentacled monstrosity
 30610 | Swamp:3  | Received a gift from Okawaru
 31201 | Swamp:4  | Entered Level 4 of the Swamp
 31289 | Swamp:4  | Received a gift from Okawaru
 31402 | Swamp:4  | Identified the +0 pair of boots of the Game of Kings {Drain
                  | Dex+6} (Okawaru gifted it to you on level 4 of the Swamp)
 31402 | Swamp:4  | Received a gift from Okawaru
 31755 | Arena    | Entered the Arena
 31790 | Swamp:4  | Identified the ring of Qywunoni {Fly SInv}
 31966 | Swamp:4  | Found a runed translucent door.
 32170 | Swamp:4  | Noticed a thorn hunter
 32197 | Swamp:4  | Killed a thorn hunter
 32289 | Swamp:4  | Got a decaying rune of Zot
 32597 | Snake:1  | Entered Level 1 of the Snake Pit
 32690 | Snake:1  | Reached XP level 17. HP: 116/139 MP: 25/25
 32787 | Snake:1  | Received a gift from Okawaru
 32990 | Snake:1  | Found Ygouleth's Jewellery Emporium.
 32997 | Snake:1  | Bought the amulet of Plog {rElec rF+ Regen+} for 612 gold
                  | pieces
 33784 | Snake:2  | Identified the +9 plate armour of Jenk {rF+ rN+} (Okawaru
                  | gifted it to you on level 2 of the Snake Pit)
 33784 | Snake:2  | Received a gift from Okawaru
 33785 | Snake:2  | Reached skill level 15 in Axes
 33923 | Snake:2  | Identified the +1 scale mail "Dohoud" {rPois}
 34517 | Snake:2  | Reached skill level 1 in Shields
 34622 | Snake:3  | Noticed Saint Roka
 34797 | Snake:3  | Killed Saint Roka
 35013 | Snake:3  | Identified the +2 pair of boots of Curiosity {Will+++}
                  | (Okawaru gifted it to you on level 3 of the Snake Pit)
 35013 | Snake:3  | Received a gift from Okawaru
 35364 | Snake:4  | Entered Level 4 of the Snake Pit
 35445 | Snake:4  | Identified the +11 war axe of the Candle {vorpal, *Slow
                  | rPois Str+3 Dex+3}
 35653 | Arena    | Entered the Arena
 35746 | Snake:4  | Noticed Louise
 35752 | Snake:4  | Killed Louise
 35861 | Snake:4  | Reached XP level 18. HP: 146/147 MP: 20/26
 36015 | Snake:4  | Identified the +1 hat of Mohaurghe {Str+4} (Okawaru gifted
                  | it to you on level 4 of the Snake Pit)
 36015 | Snake:4  | Received a gift from Okawaru
 36541 | Snake:4  | Got a serpentine rune of Zot
 36962 | Vaults:1 | Entered Level 1 of the Vaults
 37298 | Vaults:1 | Reached skill level 5 in Shields
 37307 | Vaults:1 | Reached skill level 15 in Fighting
 37569 | Vaults:1 | Identified the +0 chain mail of the Vaults {rElec}
 37781 | Vaults:1 | Noticed Zenata
 37808 | Vaults:1 | Killed Zenata
 38499 | Vaults:2 | Found Laesty's Armour Shop.
 38535 | Vaults:2 | Received a gift from Okawaru
 38607 | Vaults:2 | Noticed Frederick
 38637 | Vaults:2 | Killed Frederick
 39031 | Vaults:2 | Noticed Asterion
 39053 | Vaults:2 | Killed Asterion
 39077 | Vaults:2 | Found Acacext's Weapon Shoppe.
 39314 | Vaults:2 | Reached XP level 19. HP: 142/155 MP: 20/27
 39417 | Vaults:2 | Noticed Aizul
 39439 | Vaults:2 | Killed Aizul
 39639 | Vaults:2 | Received a gift from Okawaru
 40532 | Vaults:3 | Found a crumbling gateway.
 40537 | Desolati | Entered the Desolation of Salt
 40642 | Desolati | Identified the +3 plate armour of the Game of Life {Fly}
                  | (Okawaru gifted it to you in the Desolation of Salt)
 40642 | Desolati | Received a gift from Okawaru
 40770 | Desolati | Identified the +6 dagger of Dishonesty {distort, Will+
                  | Stlth+}
 40956 | Arena    | Entered the Arena
 41120 | Desolati | Identified the amulet "Lilosiruo" {Spirit Rampage *Slow
                  | rCorr Int+2}
 41125 | Desolati | Identified the ring "Zeveag" {*Slow rN+ Int+4 Dex+6 SInv}
 41262 | Desolati | Identified the +8 plate armour of Oblivion {Harm rCorr
                  | Int+3 Dex-4}
 41320 | Desolati | Identified the +0 shadow dragon scales "Lizewn" {Contam
                  | +Blink Regen+ Stlth++++} (Okawaru gifted it to you in the
                  | Desolation of Salt)
 41320 | Desolati | Received a gift from Okawaru
 41362 | Desolati | Identified the ring "Gafitaafa" {rF+ Slay+2}
 41416 | Desolati | Identified the amulet of the Fae God {rF- Regen+ Int+3
                  | Dex+4 SInv}
 41443 | Desolati | Got the Meditations on Virulent Convocation
 41490 | Desolati | Got the Grimoire of the Arsonist and the Crypt
 41584 | Desolati | Identified the ring of Soer {Fire Will- Str-4 Int+9 Slay+6}
 42497 | Vaults:3 | Reached skill level 10 in Shields
 43027 | Vaults:3 | Found a staircase to the Crypt.
 43102 | Vaults:4 | Acquired 828 gold pieces
 43260 | Vaults:4 | Reached XP level 20. HP: 156/166 MP: 28/28
 43292 | Vaults:4 | Received a gift from Okawaru
 43295 | Arena    | Entered the Arena
 43600 | Vaults:4 | Found Ukkex's Antique Weapon Shop.
 43803 | Vaults:4 | Identified the +5 broad axe "Zopi" {vamp, rC+ Dex+2 Stlth+}
                  | (Okawaru gifted it to you on level 4 of the Vaults)
 43803 | Vaults:4 | Received a gift from Okawaru
 44077 | Vaults:4 | Identified the ring "Moshoott" {rPois rN+ rCorr Int-3
                  | Slay+5}
 44575 | Depths:1 | Entered Level 1 of the Depths
 44819 | Depths:1 | Found a one-way gateway to a ziggurat.
 44892 | Depths:1 | Identified the +0 scale mail of Vumnuhush {Int+4} (Okawaru
                  | gifted it to you on level 1 of the Depths)
 44892 | Depths:1 | Received a gift from Okawaru
 44923 | Arena    | Entered the Arena
 45199 | Depths:1 | Found a gateway to Hell.
 45454 | Depths:2 | Found a one-way gate leading to the halls of Pandemonium.
 45467 | Depths:2 | Found a one-way gate to the infinite horrors of the Abyss.
 45639 | Depths:2 | Paralysed by a floating eye for 4 turns
 45815 | Depths:2 | Noticed a caustic shrike
 45815 | Depths:2 | Noticed the Enchantress
 45817 | Arena    | Entered the Arena
 45849 | Depths:2 | Killed a caustic shrike
 45871 | Depths:2 | Killed the Enchantress
 46085 | Depths:2 | Paralysed by a floating eye for 3 turns
 46183 | Depths:2 | Reached XP level 21. HP: 156/174 MP: 29/29
 46969 | Depths:3 | Found Ryceq's Distillery.
 46974 | Depths:3 | Found Wyvithrumm's Weapon Boutique.
 47024 | Depths:3 | Received a gift from Okawaru
 47037 | Depths:3 | Noticed Mara
 47044 | Depths:3 | Noticed Flugkiller's illusion
 47137 | Depths:3 | Noticed Flugkiller's illusion
 47182 | Depths:3 | Noticed Flugkiller's illusion
 47193 | Depths:2 | Killed Mara
 47506 | Depths:3 | Noticed Jory
 47540 | Depths:3 | Killed Jory
 47560 | Depths:3 | Reached skill level 15 in Shields
 47728 | Depths:3 | Noticed Sojobo
 47796 | Depths:3 | Paralysed by an air elemental for 1 turns
 47804 | Arena    | Entered the Arena
 47812 | Arena    | Received a gift from Okawaru
 47854 | Depths:3 | Killed Sojobo
 48241 | Depths:4 | Entered Level 4 of the Depths
 48414 | Depths:4 | Reached skill level 1 in Throwing
 48588 | Depths:4 | Found a gate to the Realm of Zot.
 48651 | Depths:4 | Reached skill level 5 in Throwing
 48683 | Depths:4 | Identified the +1 ring mail of the Sun {*Slow rC+++ Will+
                  | SInv} (Okawaru gifted it to you on level 4 of the Depths)
 48683 | Depths:4 | Received a gift from Okawaru
 48707 | Depths:4 | Noticed a golden dragon
 48717 | Depths:4 | Killed a golden dragon
 48862 | Depths:4 | Found Midokk's Jewellery Emporium.
 48862 | Depths:4 | Found Zyceheng's Book Boutique.
 48863 | Depths:4 | Found Aklenon's Jewellery Emporium.
 49094 | Depths:4 | Found a broken altar of Ashenzari.
 49097 | Depths:4 | Found Oracwap's Antique Armour Boutique.
 49120 | Depths:4 | Reached XP level 22. HP: 161/181 MP: 30/30
 49137 | Depths:4 | Bought a glowing cloak for 172 gold pieces
 50069 | Lair:5   | Reached skill level 10 in Throwing
 50080 | Slime:1  | Entered Level 1 of the Pits of Slime
 50372 | Slime:5  | Entered Level 5 of the Pits of Slime
 50707 | Slime:5  | Noticed the Royal Jelly
 50715 | Slime:5  | Killed the Royal Jelly
 50715 | Slime:5  | Identified the +4 plate armour of Okawaru's Supremacy
                  | {Dex+4} (Okawaru gifted it to you on level 5 of the Pits of
                  | Slime)
 50715 | Slime:5  | Received a gift from Okawaru
 50878 | Slime:5  | Reached skill level 10 in Invocations
 50966 | Slime:5  | Identified the +0 scale mail of Koempego {Rampage Will+
                  | Str+3}
 50990 | Slime:5  | Identified the +3 whip "Jyshun" {flame, rN++ Int-4 Dex+7}
 51040 | Slime:5  | Identified the +9 war axe of Qojic {freeze, rElec Str+2
                  | Int+2 SInv}
 51065 | Slime:5  | Got a slimy rune of Zot
 51066 | Slime:5  | Identified the +3 leather armour "Muqearphu" {Harm rC-
                  | rN+++ Dex+4}
 51586 | Zot:1    | Entered Level 1 of the Realm of Zot
 51602 | Zot:1    | Reached skill level 10 in Dodging
 52447 | Zot:2    | Identified the +3 chain mail of Uxaipp {*Slow +Inv Dex+2}
                  | (Okawaru gifted it to you on level 2 of the Realm of Zot)
 52447 | Zot:2    | Received a gift from Okawaru
 52843 | Zot:4    | Noticed a Killer Klown
 52884 | Zot:4    | Killed a Killer Klown
 53069 | Zot:5    | Entered Level 5 of the Realm of Zot
 53189 | Zot:5    | Noticed an orb of fire
 53189 | Zot:5    | Noticed an orb of fire
 53190 | Zot:5    | Noticed a Killer Klown
 53190 | Zot:5    | Noticed a Killer Klown
 53193 | Zot:5    | Got the Orb of Zot
 53198 | Zot:5    | Noticed a dread lich
 53198 | Zot:5    | Noticed a Killer Klown
 53198 | Zot:5    | Noticed an orb of fire
 53198 | Zot:5    | Noticed an orb of fire
 53198 | Zot:5    | Noticed an orb of fire
 53198 | Zot:5    | Noticed a curse toe
 53199 | Zot:5    | Noticed a dread lich
 53199 | Zot:5    | Noticed a dread lich
 53199 | Zot:5    | Noticed a curse toe
 53201 | Zot:5    | Noticed an orb of fire
 53205 | Zot:5    | wow.
 53225 | Zot:5    | are you fucking kidding me
 53225 | Zot:5    | that's
 53225 | Zot:5    | 6 teleports or something
 53225 | Zot:5    | after being teletrapped into zot 5 lungs
 53225 | Zot:5    | pls remove this shit
 53228 | Zot:5    | HP: 4/182 [orb of fire/bolt of fire (16)]
 53263 | Zot:4    | Noticed Foeryleal the pandemonium lord
 53272 | Zot:4    | Paralysed by a floating eye for 3 turns
 53275 | Zot:4    | Mangled by a hell beast

Illustrated notes ####### #.@...# #.....# #.....# #.....# ###...# ...# .... ....# Turn 13807 on D:12: gdi #†## ..# #..## #.# ##..###..# #...#..# ##.....# #.⌠..#### #...###.## ### ##..##..#.##.## ####....###.#@Y# ##.#.##...# #.#YYY...# #?#.###.#.###.#hChh#$) ##!## ###....###.h.# ### ##..## #.## #### ## Turn 14972 on IceCv: ARGA ▓▓▓▓▓▓▓▓▓▓***** ▓▓▓▓..^......,,,,**** ▓▓^.....f.....,,,,,,,** ▓▓.............,,,,,,,,, ▓.§............,,,,,,,,, ▓......@.§......^....... ▓▓...§..§.....*!L....... ▓▓.§.....§§............ ▓▓^..f................ ▓▓...§Xf9z....§d....... ▓▓...d§.§......§*....... ▓..§?./..*X........^.... ▓....?.*..f.....§....... ▓▓§...§z§§.§..........^. Turn 53205 on Zot:5: wow.

▓▓▓▓▓▓▓▓▓▓▓▓▓▓▓
▓▓▓▓.............▓
▓▓▓....X...........^ *
▓▓^=..XX.)X.........^ * ▓▓▓▓▓▓▓▓▓
▓...^..$..^^.........
*▓▓.......▓▓▓...@..X.............
▓▓...^^X...▓▓..........(.........
▓....XXXX...▓...............X....
....X.§.X..*..............D......
▓.(..XXX....▓........D..^........
▓▓.........▓▓....................
*▓▓.......▓▓▓............*.^.....
* ▓▓▓▓▓▓▓▓▓ #..^.......p.........
* ##......)9...........


Turn 53225 on Zot:5: are you fucking kidding me

Levels and vault maps discovered:
D:1:      co_arrival_random_square_maze, layout_basic, hex_large,
          serial_bayou_lake_a
D:2:      layout_basic, basic_ecumenical_altar, minmay_vboxes, uniq_jessica
D:3:      layout_basic, serial_shops, nicolae_shop_stone
D:4:      layout_basic, minmay_temple_entry_purple_smoke, uniq_blork_the_orc,
          uniq_crazy_yiuf_cottage
D:5:      layout_loops_ring, mainiacjoe_overflow_brackets, uniq_sigmund
D:6:      layout_cave_pods
D:7:      nzn_winding_woodlands_small [nzn_winding_woodlands_5x15_garden,
          nzn_winding_woodlands_center_garden,
          nzn_winding_woodlands_5x15_pathside_ponds], layout_basic,
          nicolae_elemental_shop
D:8:      layout_cave_pools, nicolae_overflow_hallway_of_the_gods,
          nicolae_overflow_crystal_walls, nicolae_hexahallways,
          nicolae_diode_stairs, uniq_amaemon
D:9:      minmay_the_grid_triangle_9x9_rhombus_thin
          [minmay_the_grid_triangle_9x9_fully_insulated_deathbox,
          minmay_the_grid_triangle_9x9_prize_top_heavy,
          minmay_the_grid_triangle_9x9_limited_checkers,
          minmay_the_grid_triangle_9x9_semitri], layout_irregular_city,
          mainiacjoe_overflow_large_starburst, david_lair_shrubbed,
          kennysheep_generic_room_3
D:10:     layout_basic, nicolae_overflow_hidden_temple
D:11:     layout_small_grid, orc_david_3, minivault_13
D:12:     layout_gridville, portal_ice_cave_entry_ice_simulacra,
          nicolae_ru_great_annihilating_truth
D:13:     layout_cave_pools, hangedman_vaults_entry_quadrant_bands, uniq_kirke,
          uniq_rupert, uniq_erolcha
D:14:     layout_rooms, minivault_14
D:15:     gammafunk_enter_depths_forms, layout_irregular_city,
          minmay_crystal_room
Lair:1:   layout_chaotic_city, serial_bayou_shore_a
Lair:2:   layout_big_grid, minmay_snake_entry_guardpost_small,
          cheibrodos_lair_caveside_slide, grunt_megastairs_3
Lair:3:   hellmonk_destroyed_diamonds, layout_chaotic_city, swamp_mist_pool,
          lemuel_centaur_altar
Lair:4:   layout_loops_ring, dreamdust_gnoll_shepherd, lemuel_fruit_tree
Lair:5:   minmay_lair_end_frog_pond, layout_misc_corridors, slime_entry_1
Swamp:1:  layout_falls_marsh, nicolae_swamp_decorative_isthmus, uniq_roxanne
Swamp:2:  layout_basic_swamp, gammafunk_ghost_split,
          evilmike_swamp_ruin_house_2, nicolae_swamp_fairy_circle,
          nicolae_swamp_big_swirl
Swamp:3:  layout_basic_swamp, evilmike_swamp_ruin_house_1
Swamp:4:  swamp, layout_basic_swamp, swamp_pool4, nzn_swamp_weyward_sisters
Snake:1:  layout_cave_shapes, serial_shops, shop_fountains,
          nicolae_snake_springs
Snake:2:  minmay_snake_river, layout_misc_corridors, grunt_megastairs_5
Snake:3:  layout_rooms, uniq_saint_roka
Snake:4:  grunt_snake_rune_pools, layout_misc_corridors, grunt_ministairs_9,
          uniq_louise
Slime:1:  cheibrodos_slime_lost_civilization_10, layout_caves,
          cheibrodos_slime_lost_civilization_4
Slime:2:  layout_caves, uniq_dissolution
Slime:3:  layout_caves
Slime:4:  layout_caves, cheibrodos_slime_lost_civilization_7
Slime:5
Orc:1:    nicolae_orc_accident_3, layout_caves, mines3_lemuel, uniq_harold
Orc:2:    st_orc_open, layout_diamond_mine, gammafunk_ghost_necromancy,
          uniq_donald
Vaults:1: ontoclasm_vaults_eye, grunt_vaults_hallway_long, v_misc_9,
          grunt_vaults_funnel, vaults_mumra_chevron, vaults_dpeg_encased_lava,
          nicolae_vaults_yaktaur_gun_rack, vaults_dpeg_hooks, v_misc_4,
          vaults_room_grunt_arrival_ludios, layout_vaults_big_cross, uniq_zenata
Vaults:2: v_rooms_4, ontoclasm_vaults_hangar, nicolae_vaults_rhombus_5,
          hangedman_vaults_stream, nicolae_vaults_ring_of_whatevers,
          ontoclasm_vaults_twist, v_misc_24, vaults_room_stairs_pillars,
          nicolae_vaults_rhombus_7, nicolae_vaults_little_squares_5,
          layout_vaults_omnigrid, serial_shops, shop, shop, uniq_frederick,
          uniq_aizul, uniq_asterion
Vaults:3: portal_desolation_entry_ruin, nicolae_vaults_network_square,
          minmay_crypt_entry_simple_round, nicolae_vaults_hallways_thing,
          layout_vaults_chaotic_city
Vaults:4: ontoclasm_vaults_pinch, nicolae_vaults_rhombus_6, vaults_room_grid,
          nicolae_vaults_stairing_the_circle, v_rooms_1,
          vaults_standard_mumra_x, hangedman_vaults_trim, v_rooms_6,
          ontoclasm_vaults_decontamination, v_misc_22,
          vaults_room_guarded_vault, layout_vaults_maze_snakey, serial_shops,
          shop
Depths:1: layout_forbidden_donut, enter_ziggurat_a, hell_entry,
          kennysheep_generic_room_11, nicolae_triple_integral
Depths:2: minmay_crescents, layout_cross, pan_entry, hell_entry, abyss_entry,
          uniq_enchantress
Depths:3: hourglass_vault, layout_cave_pools, serial_bayou_ford_a, hell_entry,
          hangedman_abyss_entry_splay, minmay_shop_star, uniq_mara, uniq_sojobo,
          uniq_jory
Depths:4: grunt_zot_entry_hairpin, layout_cave_shapes, serial_shops,
          shop_statue, ashenzari_altar_1, minmay_room_of_horrors, hell_entry,
          hangedman_aviary, minmay_shop_grove
Zot:1:    layout_gridlike, grunt_megastairs_4
Zot:2:    grunt_twist_and_shout, layout_concentric_octagons,
          ebering_ghost_reflecting_pool
Zot:3:    kennysheep_spiral_hall, layout_cellular_growth, gammafunk_ghost_grave
Zot:4:    layout_gridlike
Zot:5:    layout_misc_corridors

Skill      XL: |  1  2  3  4  5  6  7  8  9 10 11 12 13 14 15 16 17 18 19 20 21 22 |
---------------+-------------------------------------------------------------------+-----
Spellcasting   | 3 4 5 |  5.3
Fighting       | 1 2 4 6 7 9 10 11 13 14 15 16 17 | 17.3
Ice Magic      | 4 5 6 |  6.0
Dodging        | 2 3 5 7 9 11 | 11.0
Maces & Flails | 4 5 6 8 10 | 10.0
Invocations    | 2 4 8 9 12 | 12.0
Evocations     | 2 5 |  5.0
Armour         | 2 4 6 8 10 11 12 13 14 | 14.0
Axes           | 4 7 10 14 16 17 | 17.0
Shields        | 3 7 10 13 15 | 15.0
Throwing       | 9 12 | 12.0
Stealth        | |  1.5

Action                   |  1- 3 |  4- 6 |  7- 9 | 10-12 | 13-15 | 16-18 | 19-21 | 22-24 || total
-------------------------+-------+-------+-------+-------+-------+-------+-------+-------++-------
Melee: Unarmed           |     5 |       |       |       |       |       |       |       ||     5
       Dagger            |    28 |    55 |   151 |       |       |       |       |       ||   234
       Punch             |     2 |       |     7 |    15 |    37 |    60 |     4 |       ||   125
       Spear             |    11 |     1 |       |       |       |       |       |       ||    12
       Morningstar       |       |       |    72 |       |       |       |       |       ||    72
       Demon whip        |       |       |       |   474 |   676 |   110 |       |       ||  1260
       Broad axe         |       |       |       |       |   711 |  1668 |  2077 |   686 ||  5142
Throw: Dart              |       |       |     1 |       |       |       |       |       ||     1
       Javelin           |       |       |       |       |       |       |       |    13 ||    13
       Boomerang         |       |       |       |       |       |       |       |     7 ||     7
       Throwing net      |       |       |       |       |       |       |       |     2 ||     2
 Cast: Freeze            |    29 |    51 |    39 |     9 |     2 |       |     2 |       ||   132
       Frozen Ramparts   |       |     4 |    18 |    48 |    11 |       |       |       ||    81
       Ozocubu's Armour  |       |       |     6 |    26 |    11 |       |       |       ||    43
Invok: Heroism           |       |     1 |     1 |     4 |    30 |    41 |    31 |    12 ||   120
       Finesse           |       |       |       |     2 |     8 |    12 |    10 |     5 ||    37
       Duel              |       |       |       |       |     2 |     2 |     5 |       ||     9
Evoke: Wand              |       |     2 |     9 |     3 |     2 |     7 |     4 |       ||    27
       Tin of tremorston |       |       |       |     1 |     1 |     2 |       |       ||     4
       Phial of floods   |       |       |       |       |     3 |     2 |       |       ||     5
  Use: Scroll            |       |     7 |     5 |     6 |    11 |     3 |     2 |    32 ||    66
 Stab: Sleeping          |     2 |     2 |       |       |     4 |       |       |       ||     8
Armor: Robe              |    11 |    26 |    19 |       |       |       |       |       ||    56
       Leather armour    |       |       |   123 |    10 |       |       |       |       ||   133
       Ring mail         |       |       |       |   169 |   491 |       |       |       ||   660
       Plate armour      |       |       |       |       |    16 |  1079 |   887 |   291 ||  2273
Dodge: Dodged            |    39 |    53 |   202 |   447 |   919 |   791 |   496 |   166 ||  3113
Block: Kite shield       |       |       |       |       |       |       |  1103 |   361 ||  1464

Table legend: (Time is in decaauts)
 A = Elapsed time spent in this place.
 B = Non-inter-level travel time spent in this place.
 C = Inter-level travel time spent in this place.
 D = Time resting spent in this place.
 E = Time spent auto-exploring this place.
 F = Levels seen in this place.
 G = Mean time per level.
                   A        B        C        D        E       F      G
               +--------+--------+--------+--------+--------+-----+--------+
         Total |  50337 |  46083 |   4254 |  13911 |  21040 |  59 |  853.2 |
       Dungeon |  18865 |  16586 |   2279 |   5157 |   8207 |  15 | 1257.7 |
          Lair |   7782 |   7136 |    646 |   3372 |   2506 |   5 | 1556.4 |
         Swamp |   3221 |   3100 |    121 |    760 |   1437 |   4 |  805.2 |
     Snake Pit |   3689 |   3571 |    118 |    705 |   1793 |   4 |  922.2 |
    Slime Pits |    944 |    883 |     61 |    310 |     52 |   5 |  188.8 |
  Orcish Mines |   1368 |   1271 |     97 |    235 |    770 |   2 |  684.0 |
        Vaults |   5298 |   4746 |    552 |    953 |   2796 |   4 | 1324.5 |
        Depths |   4905 |   4613 |    292 |   1095 |   2379 |   4 | 1226.2 |
           Zot |   1258 |   1174 |     84 |    449 |     95 |   5 |  251.6 |
      Ice Cave |   1816 |   1816 |      0 |    656 |    630 |   1 | 1816.0 |
    Desolation |   1020 |   1020 |      0 |    136 |    374 |   1 | 1020.0 |
         Arena |    166 |    166 |      0 |     79 |      0 |   9 |   18.4 |
               +--------+--------+--------+--------+--------+-----+--------+

Top non-repeatable levels by time:
     D:9: 2575 daAuts
  Lair:4: 2173 daAuts
    D:10: 1871 daAuts
   IceCv: 1816 daAuts
  Lair:3: 1728 daAuts
  Lair:5: 1681 daAuts
Vaults:1: 1617 daAuts
Depths:4: 1577 daAuts
    D:11: 1533 daAuts
     D:7: 1525 daAuts
 Snake:2: 1429 daAuts
     D:6: 1413 daAuts
Vaults:3: 1327 daAuts
  Lair:1: 1243 daAuts
Vaults:2: 1242 daAuts
